 Dungeon Crawl Stone Soup version 0.26-a0-812-g31a745ddcd (webtiles) character file.

Game seed: 15393719624261112549

11249 tilp the Severer (level 11, -2/92 HPs)
             Began as a Minotaur Berserker on Nov 14, 2020.
             Was a High Priest of Trog.
             Slain by a freezing wraith (20 damage)
             ... led by a death knight
             ... on level 10 of the Dungeon.
             The game lasted 00:16:38 (13181 turns).

tilp the Severer (Minotaur Berserker)              Turns: 13181, Time: 00:16:39

Health: -2/92      AC: 17    Str: 25    XL:     11   Next: 46%
Magic:  10/10      EV: 22    Int:  4    God:    Trog [*****.]
Gold:   691        SH:  9    Dex: 10    Spells: 10/10 levels left

rFire    . . .     SeeInvis .   a - +0 war axe
rCold    . . .     Faith    .   G - +0 kite shield
rNeg     . . .     Spirit   .   r - +0 plate armour (curse)
rPois    .         Reflect  .   (helmet restricted)
rElec    .         Harm     .   (no cloak)
rCorr    .         Rampage  .   A - +1 pair of gloves
MR       .....                  z - +1 pair of boots
Stlth    ..........             u - amulet of the acrobat
HPRegen  0.25/turn              (no ring)
MPRegen  0.12/turn              (no ring)

@: acrobat, slowed, lightly drained, very slow
A: retaliatory headbutt, horns 2
a: Berserk, Trog's Hand, Brothers in Arms, Renounce Religion


You were on level 10 of the Dungeon.
You worshipped Trog.
Trog was extremely pleased with you.
You visited 1 branch of the dungeon, and saw 11 of its levels.
You also visited: Sewer.

You collected 691 gold pieces.

Inventory:

Hand Weapons
 a - a +0 war axe (weapon)
 I - a cursed +6 battleaxe
Missiles
 b - 22 boomerangs (quivered)
 o - 5 throwing nets {!f}
Armour
 f - a +2 buckler
 r - a cursed +0 plate armour (worn)
 z - a +1 pair of boots (worn)
 A - a +1 pair of gloves (worn)
 G - a +0 kite shield (worn)
Jewellery
 u - an amulet of the acrobat (around neck)
 B - the ring of Ynime {+Inv rElec rF++ MR- rCorr}
   (You found it on level 7 of the Dungeon)

   [ring of resist corrosion]

   It greatly protects you from fire.
   It insulates you from electricity.
   It affects your resistance to hostile enchantments.
   It lets you turn invisible.
   It provides partial protection from all sources of acid and corrosion.
Wands
 d - a wand of iceblast (28)
 t - a wand of random effects (47)
 x - a wand of acid (16)
Scrolls
 c - 12 scrolls of remove curse
 e - a scroll of fog {unknown}
 k - 2 scrolls of blinking
 l - a scroll of fear
 m - 6 scrolls of teleportation
 y - 3 scrolls of immolation
 C - 3 scrolls of magic mapping
 E - a scroll of brand weapon {unknown}
 F - a scroll of enchant weapon {unknown}
Potions
 g - 3 potions of attraction
 h - 4 potions of flight
 i - 4 potions of curing
 j - 3 potions of heal wounds
 n - 2 potions of lignification
 p - 4 potions of haste
 q - 3 potions of ambrosia
 s - a potion of mutation
 v - a potion of berserk rage
 w - a potion of resistance {unknown}


   Skills:
 + Level 7.5(7.2) Fighting
 - Level 16.0(15.6) Axes
 + Level 5.3(5.1) Throwing
 - Level 6.0(5.7) Armour
 - Level 6.0(5.7) Dodging
 - Level 4.0(3.7) Shields
 - Level 4.0(3.7) Evocations


You had 10 spell levels left.
You didn't know any spells.
Your spell library was empty.

Dungeon Overview and Level Annotations

Branches:
Dungeon (11/15)            Temple (0/1) D:4            Lair (0/6) D:10
  Sewer (visited)
    Orc: D:9-12

Altars:
Cheibriados
Elyvilon
Fedhas
Gozag
Hepliaklqana
Kikubaaqudgha
Nemelex Xobeh
Qazlal
Ru
Trog
Vehumet
Xom
Zin

Annotations:
D:9 2 runed translucent doors


Innate Abilities, Weirdness & Mutations

You reflexively headbutt those who attack you in melee.
You have a pair of horns on your head.


Message History

The freezing wraith freezes you!
* * * LOW HITPOINT WARNING * * *
The freezing wraith misses you.
There is a stone staircase leading up here.
The freezing wraith barely misses you. You furiously retaliate!
You headbutt the freezing wraith.
The freezing wraith hits you but does no damage.
You climb upwards.
There is a stone staircase leading down here.
Unknown command.
The freezing wraith completely misses you.
You furiously retaliate!
You headbutt the freezing wraith, but do no damage.
The freezing wraith completely misses you.
The freezing wraith hits you but does no damage. x2
You block the freezing wraith's attack. The freezing wraith misses you.
The freezing wraith hits you.
* * * LOW HITPOINT WARNING * * *
The freezing wraith freezes you!!
You die...

.....#...........................
.....#...........................
.....#...........................
.....+...)...#######.............
.....#.......#.....#.............
.....#.......#.....#......<).P.P.
'#####.......#.....#.............
.............#.....#...P......PP.
.............#.W@..#......P......
.............#>W...#.....P.......
.............#..........PPP......
.............#.......P.PPP.......
.............#.........PPP.......
......)......#...###...P.P.P..>PP
########.....#...###.PPP.PP.PPPP.
.......#.....#..........PPPP.PPP.
.......#.....'.>.........P.PP.P.P


You could see 2 freezing wraiths.

Vanquished Creatures
  A centaur warrior (D:9)
  The ghost of Zanta616 the Poker, a novice MfGl of Nemelex Xobeh (D:6)
  Joseph (D:9)
  Maggie (D:10)
  A kobold demonologist (D:9)
  A merfolk (D:10)
  4 trolls
  A spriggan (D:10)
  The ghost of Gruesome the Sneak, an amateur VSBr (D:3)
  A wraith (D:9)
  6 yaks
  A human (D:10)
  3 steam dragons (D:10)
  6 water moccasins
  An acid dragon (D:10)
  2 sky beasts
  3 black bears
  4 orc warriors
  An ice beast (D:10)
  A phantom (D:10)
  6 ogres
  2 centaurs
  5 bullfrogs
  3 big kobolds
  4 gnoll sergeants
  A water moccasin skeleton (D:7)
  3 scorpions
  12 killer bees
  2 howler monkeys
  10 wights
  A centaur zombie (D:9)
  A jelly (D:9)
  2 bullfrog zombies
  3 gnoll shamans
  2 bullfrog skeletons
  8 hounds
  6 orc priests
  8 orc wizards
  3 centaur skeletons
  2 iguanas
  5 worker ants
  2 killer bee zombies
  2 hound zombies
  3 hound skeletons
  A howler monkey zombie (D:8)
  32 gnolls
  12 adders
  3 river rats
  A shadow imp (D:6)
  4 white imps
  An ufetubus (D:5)
  2 oozes
  An adder zombie (D:5)
  An adder skeleton (D:3)
  4 worms
  A dart slug (D:2)
  7 leopard geckos
  29 orcs
  5 ball pythons
  8 giant cockroaches
  9 hobgoblins
  13 jackals
  3 quokkas
  8 bats
  2 frilled lizards (D:2)
  6 goblins
  23 kobolds
  A leopard gecko skeleton (D:8)
  A leopard gecko zombie (D:6)
  13 rats
328 creatures vanquished.

Vanquished Creatures (others)
  13 fungi (D:10)
  16 plants (D:10)
29 creatures vanquished.

Grand Total: 357 creatures vanquished

Notes
Turn   | Place    | Note
-------+----------+-------------------------------------------
     0 | D:1      | tilp the Minotaur Berserker began the quest for the Orb.
     0 | D:1      | Reached XP level 1. HP: 19/19 MP: 0/0
   166 | D:1      | Reached skill level 4 in Axes
   357 | D:1      | Reached XP level 2. HP: 23/26 MP: 1/1
   881 | D:2      | Reached skill level 5 in Axes
   899 | D:2      | Reached XP level 3. HP: 31/31 MP: 2/2
   907 | D:2      | Reached ** piety under Trog
  1050 | D:2      | Found a sparkling altar of Nemelex Xobeh.
  1235 | D:2      | Reached skill level 6 in Axes
  1235 | D:2      | Reached XP level 4. HP: 29/39 MP: 3/3
  1735 | D:3      | Found a runed translucent gate.
  1736 | D:3      | Found a runed translucent gate.
  1737 | D:3      | Found a runed translucent gate.
  1739 | D:3      | Noticed Gruesome's ghost (amateur VSBr)
  1901 | D:3      | Found a sacrificial altar of Ru.
  1929 | D:3      | Noticed a bullfrog
  1937 | D:3      | Killed a bullfrog
  1937 | D:3      | Reached skill level 7 in Axes
  1937 | D:3      | Reached XP level 5. HP: 45/45 MP: 4/4
  2311 | D:3      | Reached *** piety under Trog
  2805 | D:3      | Killed Gruesome's ghost
  2805 | D:3      | Reached skill level 8 in Axes
  2805 | D:3      | Reached XP level 6. HP: 51/51 MP: 5/5
  2812 | D:3      | Reached skill level 9 in Axes
  3596 | D:4      | Found an opulent altar of Gozag.
  3657 | D:4      | Found a staircase to the Ecumenical Temple.
  3817 | D:5      | Entered Level 5 of the Dungeon
  3827 | D:5      | Reached XP level 7. HP: 52/57 MP: 6/6
  3861 | D:5      | Reached skill level 10 in Axes
  3961 | D:5      | Found a glowing drain.
  3981 | Sewer    | Entered a sewer
  3990 | Sewer    | Reached **** piety under Trog
  4126 | Sewer    | Reached skill level 11 in Axes
  4289 | Sewer    | Found a white marble altar of Elyvilon.
  4356 | D:5      | Found a white marble altar of Elyvilon.
  4480 | D:5      | Found a stormy altar of Qazlal.
  4533 | D:5      | Reached XP level 8. HP: 49/64 MP: 7/7
  4754 | D:5      | Found an ancient bone altar of Kikubaaqudgha.
  4783 | D:5      | Reached skill level 12 in Axes
  4841 | D:5      | Found a shimmering altar of Xom.
  5141 | D:5      | Got a faintly glowing quarterstaff
  5216 | D:6      | Found a runed translucent door.
  5216 | D:6      | Noticed Zanta616's ghost (novice MfGl)
  5407 | D:6      | Killed Zanta616's ghost
  5407 | D:6      | Reached skill level 13 in Axes
  5536 | D:6      | Reached XP level 9. HP: 34/70 MP: 8/8
  5762 | D:6      | Reached skill level 14 in Axes
  6451 | D:6      | Found a hazy altar of Hepliaklqana.
  6752 | D:6      | HP: 3/70 [orc priest/+0 war axe (4)]
  6909 | D:6      | Reached skill level 15 in Axes
  7757 | D:7      | Found a radiant altar of Vehumet.
  7834 | D:7      | Noticed an angel
  7835 | D:7      | Found a glowing silver altar of Zin.
  7901 | D:7      | Reached ***** piety under Trog
  8000 | D:7      | Got a brightly glowing glass ring
  8198 | D:7      | Reached skill level 16 in Axes
  8484 | D:7      | Identified the ring of Ynime {+Inv rElec rF++ MR- rCorr}
                  | (You found it on level 7 of the Dungeon)
  8572 | D:8      | Found a snail-covered altar of Cheibriados.
  8587 | D:8      | Reached skill level 1 in Throwing
  8587 | D:8      | Reached skill level 1 in Evocations
  9139 | D:8      | Reached XP level 10. HP: 62/78 MP: 9/9
 10269 | D:9      | Reached skill level 5 in Fighting
 10692 | D:9      | Found a large runed translucent door.
 10693 | D:9      | Found a large runed translucent door.
 10802 | D:9      | Noticed a centaur warrior
 10805 | D:9      | Noticed Joseph
 10815 | D:9      | Killed a centaur warrior
 10831 | D:9      | Killed Joseph
 11019 | D:9      | Reached skill level 5 in Armour
 11028 | D:9      | Found a blossoming altar of Fedhas.
 11028 | D:9      | Found a bloodstained altar of Trog.
 11547 | D:10     | Entered Level 10 of the Dungeon
 11555 | D:9      | Received a gift from Trog
 11555 | D:9      | Reached skill level 5 in Dodging
 11628 | D:10     | Reached skill level 1 in Shields
 11637 | D:10     | Reached XP level 11. HP: 68/89 MP: 10/10
 11638 | D:10     | Found a staircase to the Lair.
 12076 | D:10     | Noticed Maggie
 12098 | D:10     | Killed Maggie
 12778 | D:10     | Reached skill level 5 in Throwing
 13172 | D:11     | Noticed a death knight
 13181 | D:10     | Slain by a freezing wraith

Illustrated notes

Levels and vault maps discovered:
D:1:      erik_arrival_orb_chamber, layout_basic, minmay_cupped
D:2:      layout_basic, overflow_temple_1_default, minmay_close_crescents
D:3:      layout_basic, gammafunk_ghost_necromancy, hangedman_ru_absence
D:4:      layout_loops_ring, old_standard_altar,
          minmay_temple_entry_enclosed_plants
D:5:      layout_cave_pools, lemuel_doored_altar, kennysheep_mini,
          elyvilon_altar_5, overflow_temple_1_default, serial_gnoll_camp,
          gnoll_camp_mini_basic, gnoll_camp_mini_basic,
          gnoll_camp_mini_sergeant, gnoll_camp_mini_loothouse,
          gnoll_camp_medium_01, portal_sewer_entry_b, dk_noncrumbling_4,
          hangedman_decor_points
D:6:      layout_loops_ring, marbit_many_paths, gammafunk_ghost_grave
D:7:      layout_rooms, zin_angel, basic_altar, minmay_the_grid_2x2
          [minmay_the_grid_x, minmay_the_grid_aliased_spiral,
          minmay_the_grid_broken_lines,
          minmay_the_grid_prize_four_corners_diamond_b]
D:8:      layout_basic, nicolae_overflow_crystal_walls
D:9:      layout_gridville, gammafunk_temple_overflow_wave,
          jmf_multi_god_temple2, uniq_joseph
D:10:     cheibrodos_steamvent, layout_gridville, due_lair_maze_entry_diamond,
          hangedman_stone_soup, nicolae_dithmenos_through_a_glass_darkly,
          uniq_maggie
D:11:     layout_long_grid, orc_0_dummy, worms_lemuel

Skill      XL: |  1  2  3  4  5  6  7  8  9 10 11 |
---------------+----------------------------------+-----
Axes           | 4 5 6 7 8 9 11 13 16 | 16.0
Fighting       | 4 6 7 |  7.5
Throwing       | 1 4 5 |  5.3
Evocations     | 1 3 4 |  4.0
Dodging        | 5 6 |  6.0
Armour         | 5 6 |  6.0
Shields        | 1 4 |  4.0

Action                   |  1- 3 |  4- 6 |  7- 9 | 10-12 || total
-------------------------+-------+-------+-------+-------++-------
Melee: Hand axe          |    63 |    45 |       |       ||   108
       Headbutt          |     8 |    23 |    69 |    71 ||   171
       War axe           |       |    98 |   411 |   325 ||   834
Throw: Boomerang         |       |       |     1 |       ||     1
Invok: Berserk           |       |     2 |     3 |     4 ||     9
       Trog's Hand       |       |       |     2 |     2 ||     4
  Use: Scroll            |     1 |     9 |     9 |     5 ||    24
       Potion            |       |       |     2 |       ||     2
Armor: Ring mail         |    16 |    12 |       |       ||    28
       Animal skin       |     2 |       |       |       ||     2
       Plate armour      |       |    55 |   219 |   165 ||   439
Dodge: Dodged            |    44 |    55 |   123 |   121 ||   343
Block: Buckler           |       |       |    68 |    51 ||   119
       Kite shield       |       |       |       |    37 ||    37

Table legend: (Time is in decaauts)
 A = Elapsed time spent in this place.
 B = Non-inter-level travel time spent in this place.
 C = Inter-level travel time spent in this place.
 D = Time resting spent in this place.
 E = Time spent auto-exploring this place.
 F = Levels seen in this place.
 G = Mean time per level.
                   A        B        C        D        E       F      G
               +--------+--------+--------+--------+--------+-----+--------+
         Total |  13166 |  12814 |    352 |   3321 |   7703 |  12 | 1097.2 |
       Dungeon |  12794 |  12442 |    352 |   3173 |   7527 |  11 | 1163.1 |
         Sewer |    372 |    372 |      0 |    148 |    175 |   1 |  372.0 |
               +--------+--------+--------+--------+--------+-----+--------+

Top non-repeatable levels by time:
     D:6: 2367 daAuts
     D:8: 1646 daAuts
    D:10: 1532 daAuts
     D:9: 1445 daAuts
     D:3: 1237 daAuts
     D:5: 1037 daAuts
     D:4: 970 daAuts
     D:7: 898 daAuts
     D:2: 848 daAuts
     D:1: 784 daAuts
   Sewer: 372 daAuts
    D:11: 25 daAuts
